 Dungeon Crawl Stone Soup version 0.24.0-37-gcf1ca852f1 (webtiles) character file.

Game seed: 9408810376163671983, levelgen mode: deterministic

58 Gruesph the Cudgeler (level 4, -4/48 HPs)
             Began as an Ogre Monk on Nov 21, 2019.
             Slain by an iguana (12 damage)
             ... on level 2 of the Dungeon.
             The game lasted 00:05:09 (2112 turns).

Gruesph the Cudgeler (Ogre Monk)                    Turns: 2112, Time: 00:05:10

Health: -4/48      AC:  4    Str: 16    XL:     4   Next: 2%
Magic:  4/4        EV: 10    Int: 11    God:
Gold:   119        SH:  0    Dex: 11    Spells: 3/3 levels left

rFire    . . .     SeeInvis .   a - +0 mace
rCold    . . .     Gourm    .   (no shield)
rNeg     . . .     Faith    .   n - +0 robe
rPois    .         Spirit   .   (helmet restricted)
rElec    .         Reflect  .   h - +0 cloak
rCorr    .         Harm     .   (gloves unavailable)
MR       .....                  (boots unavailable)
Stlth    ++........             (no amulet)
HPRegen  0.16/turn              (no ring)
MPRegen  0.09/turn              (no ring)

@: flying
A: large, unfitting armour, tough skin 1
a: no special abilities


You were on level 2 of the Dungeon.
You were not hungry.

You visited 1 branch of the dungeon, and saw 3 of its levels.

You collected 119 gold pieces.

Inventory:

Hand Weapons
 a - a +0 mace (weapon)
 b - a +0 hunting sling
Missiles
 k - 21 stones (quivered)
 l - 26 sling bullets
Armour
 h - a +0 cloak (worn)
 n - a +0 robe (worn)
Jewellery
 g - a cursed -2 ring of protection {unknown}
 j - an uncursed amulet of rage {unknown}
 m - an uncursed ring of protection from fire {unknown}
Scrolls
 c - 2 scrolls of blinking {unknown}
 e - 4 scrolls of identify {unknown}
 i - a scroll of teleportation {unknown}
 o - a scroll of remove curse {unknown}
Potions
 d - a potion of flight
 p - a potion of agility {unknown}
Comestibles
 f - 4 rations


   Skills:
 - Level 4.0 Fighting
 + Level 4.3 Maces & Flails
 - Level 2.6 Dodging
 - Level 1.4 Stealth


You had 3 spell levels left.
You didn't know any spells.
Your spell library was empty.

Dungeon Overview and Level Annotations

Branches:
Dungeon (3/15)

Altars:


Innate Abilities, Weirdness & Mutations

You are too large for most types of armour.
You have tough skin. (AC +1)


Message History

You hit the iguana.
The iguana is heavily wounded.
The iguana closely misses you. x2
You closely miss the iguana.
The iguana is heavily wounded.
The iguana barely misses you.
You completely miss the iguana.
The iguana is heavily wounded.
The iguana bites you.
You closely miss the iguana.
The iguana is heavily wounded.
The iguana bites you but does no damage.
You hit the iguana.
The iguana is heavily wounded.
The iguana bites you!
* * * LOW HITPOINT WARNING * * *
It was a potion of flight.
You feel very buoyant.
You fly up into the air.
The iguana bites you!
You die...

#############
............#
###########.# # #.# #
#.# ######## #.#
.......# #.# ###
######.####.###.######
#.##......l@....#
#......)...####.#
####.#.##### #.#
#.#.########.#
#.#..........#
#.#####..###.# #.#
#..# #.# ### #.# #..#
#.# ..# #.#####..###)#


You could see an iguana.

Vanquished Creatures
  3 adders
  2 worms (D:2)
  3 goblins (D:2)
  3 hobgoblins (D:1)
  3 jackals (D:2)
  3 bats
  4 kobolds
  6 rats
27 creatures vanquished.

Notes
Turn   | Place    | Note
-------+----------+-------------------------------------------
     0 | D:1      | Gruesph the Ogre Monk began the quest for the Orb.
     0 | D:1      | Reached XP level 1. HP: 24/24 MP: 1/1
   113 | D:1      | Reached XP level 2. HP: 17/32 MP: 2/2
   996 | D:2      | Reached XP level 3. HP: 37/39 MP: 3/3
  2034 | D:3      | Reached XP level 4. HP: 40/48 MP: 4/4
  2112 | D:2      | Slain by an iguana

Levels and vault maps discovered:
D:1:      minmay_arrival_glassed_features, layout_rooms, serial_forest,
          infiniplex_forest_clump_C, infiniplex_forest_zigzag_2,
          infiniplex_forest_end_double, infiniplex_forest_zigzag_1,
          infiniplex_forest_clump_long
D:2:      layout_loops_ring, first_ration
D:3:      layout_basic, chequers_temple_overflow_minitemple,
          minmay_fractal_squares_gapless_5

Skill      XL: |  1  2  3 |
---------------+----------+-----
Maces & Flails | 3 4 |  4.3
Fighting       | |  4.0
Dodging        | |  2.6
Stealth        | |  1.4

Action                   |  1- 3 |  4- 6 || total
-------------------------+-------+-------++-------
Melee: Mace              |    92 |    16 ||   108
 Fire: Hunting sling     |     6 |       ||     6
  Use: Potion            |       |     1 ||     1
 Stab: Sleeping          |     3 |       ||     3
  Eat: Chunk             |     2 |       ||     2
       Ration            |       |     1 ||     1
Armor: Robe              |    31 |     1 ||    32
Dodge: Dodged            |    50 |    11 ||    61
